[Event "Titled Tuesday Blitz October 25 Early 2022"]
[White "Jobava, Baadur"]
[Black "Svane, Frederik"]
[WhiteFideId "13601520"]
[BlackFideId "12923044"]
[WhiteElo "2582"]
[BlackElo "2466"]
[Result "1/2-1/2"]
[Round "05"]
[TimeControl "180+1"]
[Date "2022.10.25"]
[WhiteClock "0:00:04"]
[BlackClock "0:00:06"]

1. d4 Nf6 2. Bg5 e6 3. e4 h6 4. Bxf6 Qxf6 5. c3 d5 6. Nd2 c5 7. Ngf3 Nc6 8. Bb5 Bd7 9. O-O cxd4 10. exd5 exd5 11. Re1+ Be7 12. Bxc6 bxc6 13. cxd4 O-O 14. Ne5 Be8 15. Rc1 Bd6 16. Ndf3 Rb8 17. Re2 Rb6 18. h3 Qf4 19. Nd3 Qf5 20. Nc5 Qc8 21. Ne5 f6 22. Nf3 Bh5 23. Qd3 Re8 24. Rxe8+ Bxe8 25. b3 Bf7 26. Qc3 Rb8 27. Re1 Qf5 28. Qd3 Qxd3 29. Nxd3 Kf8 30. Rc1 Be8 31. Nc5 Kf7 32. Kf1 g5 33. Ne1 Rb4 34. Nc2 Bxc5 35. dxc5 Re4 36. f3 Re5 37. Nd4 f5 38. Re1 Kf6 39. Rd1 f4 40. Kf2 Re3 41. Rd2 Ke5 42. Ne2 Bd7 43. g3 Bf5 44. Nd4 Bd7 45. gxf4+ gxf4 46. h4 h5 47. Ne2 Bf5 48. Nd4 Bd7 49. Rd1 Rc3 50. Rd2 Rxc5 51. Ne2 Bf5 52. Nd4 Rc3 53. Ne2 Re3 54. Nd4 Bd7 55. Nc2 Rc3 56. Nb4 Be6 57. Nd3+ Kf5 58. b4 d4 59. Nc5 Bd5 60. Nd3 Bxa2 61. Rxa2 Rxd3 62. Ra5+ Ke6 63. Rxh5 Rb3 64. Rc5 Kd6 65. Rc4 Kd5 66. Rc5+ Kd6 67. Rc4 Rb2+ 68. Ke1 Kd5 69. Rc5+ Kd6 70. Rc4 d3 71. Rxf4 Kd5 72. h5 Rh2 73. Kd1 c5 74. Rf5+ Kd4 75. Rxc5 Ke3 76. Re5+ Kd4 77. Re7 Rh1+ 78. Kd2 Rh2+ 79. Kd1 Rxh5 80. Rd7+ Ke3 81. Re7+ Kd4 82. Rd7+ Kc3 83. Rc7+ Kxb4 84. Kd2 Rh3 85. Rxa7 Rxf3 86. Rc7 Kb5 87. Rc8 Kb6 88. Rc3 Kb5 89. Rxd3 Rxd3+ 90. Kxd3 1/2-1/2


[Site "https://www.chess.com"]

[Event "Titled Tuesday Blitz October 25 Early 2022"]
[White "Kovalev, Vladislav"]
[Black "Caruana, Fabiano"]
[WhiteFideId "13504398"]
[BlackFideId "2020009"]
[WhiteElo "2556"]
[BlackElo "2847"]
[Result "0-1"]
[Round "05"]
[TimeControl "180+1"]
[Date "2022.10.25"]
[WhiteClock "0:00:01"]
[BlackClock "0:00:08"]

1. e4 e6 2. d4 d5 3. Nd2 Nf6 4. e5 Nfd7 5. Bd3 c5 6. c3 Nc6 7. Ne2 b6 8. O-O Bb7 9. Nf3 Qc7 10. a3 a5 11. h4 h6 12. Nf4 Be7 13. h5 O-O-O 14. Re1 Kb8 15. Qe2 c4 16. Bc2 b5 17. Bd2 a4 18. Rad1 Rdg8 19. Nh2 Nf8 20. Qg4 Bc8 21. Re3 f5 22. Qh3 g5 23. hxg6 Nxg6 24. Nxg6 Rxg6 25. Rg3 Rxg3 26. Qxg3 Bg5 27. Nf3 Bxd2 28. Rxd2 Qf7 29. Qh4 Ne7 30. Qf6 Qe8 31. g3 Ng6 32. Nh4 Nxh4 33. Qxh4 Qg6 34. f4 Bd7 35. Rh2 Qg7 36. Kf2 Kc7 37. Bd1 Be8 38. Bf3 Kd7 39. Ke3 Qe7 40. Qxe7+ Kxe7 41. Kf2 h5 42. Be2 Kf8 43. Rh3 Kg7 44. Rh4 Bg6 45. Ke3 Kh6 46. Kf2 b4 47. axb4 Ra8 48. Rh1 a3 49. bxa3 Rxa3 50. Rc1 Be8 51. Ke3 Ra2 52. Rb1 Bb5 53. Bd1 Rg2 54. Ra1 Rxg3+ 55. Bf3 h4 56. Kf2 Rh3 57. Kg2 Rg3+ 58. Kf2 Rh3 59. Ra5 Be8 60. Ra6 Rh2+ 61. Kg1 Rc2 62. Rxe6+ Bg6 63. Bxd5 Rxc3 64. Rc6 Kg7 65. b5 Rb3 66. Bxc4 Rb2 67. b6 Bh5 68. Rc7+ Kh6 69. Rc6+ Kg7 70. e6 Bf3 71. d5 h3 72. Rc7+ Kg6 73. Be2 Rxe2 0-1


[Site "https://www.chess.com"]

[Event "Titled Tuesday Blitz October 25 Early 2022"]
[White "Krysa, Leandro"]
[Black "Gorodetzky, David"]
[WhiteFideId "116807"]
[BlackFideId "2813416"]
[WhiteElo "2486"]
[BlackElo "2487"]
[Result "1-0"]
[Round "05"]
[TimeControl "180+1"]
[Date "2022.10.25"]
[WhiteClock "0:00:18"]
[BlackClock "0:00:02"]

1. e4 e5 2. Nf3 Nc6 3. Bb5 Nge7 4. O-O a6 5. Ba4 Ng6 6. Bb3 Na5 7. d4 Nxb3 8. axb3 exd4 9. Qxd4 f6 10. c4 Bd6 11. c5 Be5 12. Nxe5 fxe5 13. Qc4 b5 14. cxb6 cxb6 15. Nc3 Bb7 16. Be3 b5 17. Qb4 Kf7 18. Rfd1 Re8 19. Rd2 Bc6 20. Nd5 Re6 21. Bb6 Qb8 22. Bc5 Qb7 23. Rad1 Rd8 24. f3 d6 25. Be3 Bxd5 26. Rxd5 Ne7 27. Rxd6 Nc6 28. Rxd8 Nxb4 29. R8d7+ Re7 30. Rxb7 Rxb7 31. Bc5 Nc6 32. Rd6 Na5 33. b4 Nc4 34. Rxa6 Nxb2 35. h4 Nc4 36. h5 h6 37. Kh2 Nb2 38. Bd6 Nd3 39. g3 Rd7 40. Kh3 Ke6 41. Bc5+ Kf7 42. Rb6 Ne1 43. f4 exf4 44. gxf4 Rd3+ 45. Kg4 Nf3 46. Kf5 Nh4+ 47. Kg4 Nf3 48. e5 Nd2 49. Kf5 Nc4 50. Rb7+ Kg8 51. e6 Rd5+ 52. Kg6 1-0


[Site "https://www.chess.com"]

[Event "Titled Tuesday Blitz October 25 Early 2022"]
[White "Lamaze, Simon"]
[Black "Gharibyan, Mamikon"]
[WhiteFideId "36069264"]
[BlackFideId "13308300"]
[WhiteElo "2272"]
[BlackElo "2378"]
[Result "0-1"]
[Round "05"]
[TimeControl "180+1"]
[Date "2022.10.25"]
[WhiteClock "0:00:20"]
[BlackClock "0:01:26"]

1. e4 g6 2. d4 d6 3. Nc3 a6 4. Be3 b5 5. a3 Bb7 6. Qd2 Bg7 7. Bd3 Nd7 8. Nce2 Ngf6 9. Ng3 c5 10. c3 Ng4 11. Nf3 Nxe3 12. fxe3 e5 13. O-O O-O 14. a4 c4 15. Bc2 Qe7 16. axb5 axb5 17. b3 h5 18. bxc4 h4 19. Ne2 bxc4 20. Rfb1 Nf6 21. Qe1 Bxe4 22. Bxe4 Nxe4 23. Qxh4 Qxh4 24. Nxh4 Bh6 25. g4 Bxe3+ 26. Kg2 Nd2 27. Rd1 Nb3 28. Rxa8 Rxa8 29. dxe5 dxe5 30. Kf3 Bg5 31. Ng2 Ra2 32. h4 e4+ 33. Kf2 Bd2 34. Kf1 e3 35. Ngf4 Nc5 36. Rb1 Nb3 37. Nd5 Kg7 38. g5 Ra5 39. Ndf4 Rf5 40. Kg2 Bxc3 41. Kf3 Nd2+ 0-1


[Site "https://www.chess.com"]

[Event "Titled Tuesday Blitz October 25 Early 2022"]
[White "Maghsoodloo, Parham"]
[Black "Jones, Gawain C B"]
[WhiteFideId "12539929"]
[BlackFideId "409561"]
[WhiteElo "2676"]
[BlackElo "2657"]
[Result "1-0"]
[Round "05"]
[TimeControl "180+1"]
[Date "2022.10.25"]
[WhiteClock "0:01:05"]
[BlackClock "0:00:05"]

1. d4 Nf6 2. c4 g6 3. Nc3 Bg7 4. e4 d6 5. f3 O-O 6. Be3 c5 7. Nge2 Nc6 8. d5 Ne5 9. Ng3 h5 10. Be2 h4 11. Nf1 e6 12. Bg5 exd5 13. Nxd5 Be6 14. Bxh4 Bxd5 15. cxd5 Qb6 16. Qd2 c4 17. Bf2 Qb5 18. Ne3 Nh5 19. Nd1 Nd3+ 20. Bxd3 cxd3 21. Nc3 Qc4 22. Rd1 b5 23. Qxd3 Qxd3 24. Rxd3 Nf4 25. Rd2 Nxg2+ 26. Kf1 Nf4 27. Be3 Be5 28. Nxb5 Rac8 29. Kf2 f5 30. exf5 Rxf5 31. Nxa7 Rcf8 32. Nc6 Nh3+ 33. Ke2 Rxf3 34. Nxe5 dxe5 35. d6 R3f7 36. d7 Rd8 37. Rhd1 Nf4+ 38. Ke1 Ne6 39. Bb6 Rb8 40. d8=Q+ Nxd8 41. Rxd8+ Rxd8 42. Rxd8+ Kg7 43. a4 Rf4 44. a5 Rb4 45. a6 1-0


[Site "https://www.chess.com"]

[Event "Titled Tuesday Blitz October 25 Early 2022"]
[White "Martinez Alcantara, Jose Eduardo"]
[Black "Kollars, Dmitrij"]
[WhiteFideId "3805662"]
[BlackFideId "12909572"]
[WhiteElo "2703"]
[BlackElo "2584"]
[Result "1-0"]
[Round "05"]
[TimeControl "180+1"]
[Date "2022.10.25"]
[WhiteClock "0:00:07"]
[BlackClock "0:00:05"]

1. e4 c5 2. Nf3 d6 3. c3 Nf6 4. h3 Bd7 5. Bd3 Bc6 6. Qe2 Nbd7 7. O-O e6 8. Bc2 Be7 9. d4 O-O 10. Rd1 Qc7 11. c4 cxd4 12. Nxd4 a6 13. Nc3 Ne5 14. b3 Bd7 15. Bb2 Nc6 16. Nxc6 Bxc6 17. a4 Nd7 18. Nd5 exd5 19. exd5 Rfe8 20. dxc6 bxc6 21. Qh5 g6 22. Qf3 Ne5 23. Qg3 Bf6 24. Rab1 a5 25. Rd2 Rab8 26. Rbd1 d5 27. cxd5 cxd5 28. Bd4 Bg7 29. Be3 Rb4 30. Bb1 h5 31. Rxd5 h4 32. Qh2 Rxb3 33. Rb5 Rxb5 34. axb5 Qb8 35. b6 Nc4 36. Qxb8 Rxb8 37. Bg5 Rxb6 38. Ba2 Nd6 39. Bxh4 Be5 40. Re1 Bd4 41. Rd1 Nf5 42. Bg5 Rb2 43. Rd2 Rxd2 44. Bxd2 a4 45. Kf1 a3 46. Ke2 Bb2 47. Kd3 Nd6 48. Bb4 Nb5 49. Kc4 Nc7 50. Kb3 Ne6 51. Bd2 Nd4+ 52. Kc4 Kg7 53. Be3 Ne6 54. Kb3 Kf6 55. Kc4 Ke5 56. Kd3 f5 57. g3 f4 58. Bb6 fxg3 59. fxg3 Kf6 60. Be3 Be5 61. Bf2 g5 62. Ke4 Bd6 63. h4 gxh4 64. gxh4 Bc5 65. Be1 Bd6 66. Bc3+ Ke7 67. Kf5 Nc7 68. h5 Nb5 69. Bf6+ Kd7 70. h6 Bc5 71. h7 Nd4+ 72. Kg6 Ne6 73. h8=Q 1-0


[Site "https://www.chess.com"]

[Event "Titled Tuesday Blitz October 25 Early 2022"]
[White "Milikow, Yoav"]
[Black "Salgado Lopez, Ivan"]
[WhiteFideId "2822237"]
[BlackFideId "2257327"]
[WhiteElo "2341"]
[BlackElo "2594"]
[Result "1-0"]
[Round "05"]
[TimeControl "180+1"]
[Date "2022.10.25"]
[WhiteClock "0:00:21"]
[BlackClock "0:00:05"]

1. d4 d5 2. c4 e6 3. Nc3 Nf6 4. Nf3 Be7 5. g3 O-O 6. Bg2 c6 7. O-O Nbd7 8. Qd3 b6 9. cxd5 cxd5 10. Bf4 Bb7 11. Nb5 a6 12. Nd6 Bxd6 13. Bxd6 Re8 14. Rac1 Rc8 15. Qa3 Rxc1 16. Rxc1 Qa8 17. Rc7 Rc8 18. Ne5 Rxc7 19. Bxc7 Qc8 20. Nxd7 Nxd7 21. Qd6 h6 22. Bf1 b5 23. f3 Nf6 24. Qd8+ Qxd8 25. Bxd8 Kf8 26. e3 Ke8 27. Ba5 Kd7 28. Kf2 Ne8 29. Ke1 Nd6 30. b3 Bc6 31. Kd2 f6 32. Bb4 Kc7 33. Bd3 Be8 34. g4 g5 35. h3 Kc6 36. Ba5 Nb7 37. Bb4 Nd6 38. Kc2 h5 39. Kd2 hxg4 40. hxg4 Bf7 41. Kc2 Be8 42. Kb2 Bf7 43. Ka3 e5 44. Bh7 e4 45. f4 Be6 46. f5 Bd7 47. Bg8 Bc8 48. Ba5 Bxf5 49. gxf5 Nxf5 50. Bd2 g4 51. Bh7 g3 52. Be1 g2 53. Bf2 Nh4 54. Kb4 Kb6 55. Bg8 Nf3 56. Bxd5 f5 57. Be6 f4 58. exf4 g1=Q 59. Bxg1 Nxg1 60. f5 e3 61. Kc3 e2 62. Kd2 Nf3+ 63. Kxe2 Nxd4+ 64. Kd3 Kc5 65. b4+ Kxb4 66. Kxd4 1-0


[Site "https://www.chess.com"]

[Event "Titled Tuesday Blitz October 25 Early 2022"]
[White "Molina, Roberto Junio Brito"]
[Black "Keymer, Vincent"]
[WhiteFideId "2109450"]
[BlackFideId "12940690"]
[WhiteElo "2388"]
[BlackElo "2600"]
[Result "1-0"]
[Round "05"]
[TimeControl "180+1"]
[Date "2022.10.25"]
[WhiteClock "0:00:22"]
[BlackClock "0:00:01"]

1. d4 Nf6 2. Nf3 d5 3. e3 e6 4. Bd3 Bd6 5. b3 O-O 6. Bb2 b6 7. Qe2 Bb7 8. Nbd2 Ne4 9. O-O Nd7 10. c4 f5 11. Rac1 a6 12. Rc2 Rf6 13. g3 Rh6 14. Rfc1 Qe8 15. cxd5 exd5 16. Rxc7 Bxc7 17. Rxc7 Bc6 18. Bxa6 Qb8 19. Rc8+ Qxc8 20. Bxc8 Rxc8 21. Qa6 Ra8 22. Qd3 Rxa2 23. Qc2 Re6 24. Nb1 Ra8 25. Ne5 Nxe5 26. dxe5 d4 27. Qc4 Re8 28. exd4 b5 29. Qd3 Rd8 30. Qe3 h6 31. f3 Ng5 32. Nd2 Bd5 33. h4 Nf7 34. Ba3 Ra8 35. Bc5 Ra2 36. Qd3 Nd8 37. Kf2 Rea6 38. Ke3 Ne6 39. Qxb5 Ra1 40. Ba3 R1xa3 41. Qxd5 Kh7 42. Qc4 Ra1 43. d5 Nd8 44. e6 R6a2 45. Qc3 Re1+ 46. Kf2 Rd1 47. Ke2 Raa1 48. Nc4 1-0


[Site "https://www.chess.com"]

[Event "Titled Tuesday Blitz October 25 Early 2022"]
[White "Oparin, Grigoriy"]
[Black "Madaminov, Mukhiddin"]
[WhiteFideId "24125890"]
[BlackFideId "14210703"]
[WhiteElo "2639"]
[BlackElo "2341"]
[Result "1-0"]
[Round "05"]
[TimeControl "180+1"]
[Date "2022.10.25"]
[WhiteClock "0:00:28"]
[BlackClock "0:00:03"]

1. d4 Nf6 2. c4 g6 3. Nf3 Bg7 4. Nc3 d5 5. cxd5 Nxd5 6. e4 Nxc3 7. bxc3 c5 8. h3 O-O 9. Be2 Nc6 10. Be3 cxd4 11. cxd4 f5 12. O-O f4 13. Bc1 Nxd4 14. Nxd4 Bxd4 15. Qb3+ Kg7 16. Rd1 e5 17. Bb2 Qd6 18. Ba3 Qb6 19. Bxf8+ Kxf8 20. Rac1 Be6 21. Bc4 Bxc4 22. Rxc4 Rd8 23. Qxb6 axb6 24. Kf1 b5 25. Rb4 Ra8 26. Ke2 Rxa2+ 27. Rd2 Ra5 28. Rc2 Ke7 29. g3 fxg3 30. fxg3 Kd6 31. Rb3 Bc5 32. Rd3+ Bd4 33. Rb3 Bc5 34. Rf3 Bd4 35. Rf7 Ra3 36. Rxb7 Rxg3 37. Rxb5 Re3+ 38. Kf1 Rxe4 39. Kg2 Rf4 40. Ra2 Ke6 41. Rb7 h5 42. Ra6+ Kf5 43. Rf7+ Kg5 44. Rxf4 exf4 45. Kf3 Be3 46. Re6 Kf5 47. Ra6 Kg5 48. Rd6 Bc1 49. Ke4 Be3 50. Rc6 Bd2 51. h4+ Kxh4 52. Rxg6 Be3 53. Kf3 Kh3 54. Rg5 Kh4 55. Rd5 Bc1 56. Re5 Be3 57. Rb5 Bd2 58. Rb2 Be3 59. Rg2 Bc1 60. Rh2+ Kg5 61. Rh1 Be3 62. Rd1 h4 63. Rh1 Kh5 64. Rh2 Kg5 65. Rg2+ Kh5 66. Rg8 h3 67. Rh8+ Kg5 68. Rxh3 Kf5 69. Rh5+ Kg6 70. Rb5 Kf6 71. Ke4 Kf7 72. Rh5 Ke7 73. Ke5 Bc1 74. Rh7+ Kf8 75. Ke6 Bb2 76. Rf7+ Kg8 77. Rxf4 Ba1 78. Rg4+ Kf8 79. Rg1 Bc3 80. Rg2 Ba1 81. Rg4 Bc3 82. Rc4 Bb2 83. Rc7 Ba1 84. Rf7+ Kg8 85. Ke7 Bc3 86. Ke6 Ba1 87. Rf1 Bb2 88. Rf3 Ba1 89. Kf5 Kf7 90. Ra3 Bb2 91. Ra7+ Kf8 92. Rb7 Bc3 93. Ke6 Bd4 94. Rf7+ Kg8 95. Rf3 Ba1 96. Rf4 Bb2 97. Rg4+ Kf8 98. Kf5 Kf7 99. Re4 Ba1 100. Rb4 Bc3 101. Rb7+ Kf8 102. Kg6 Bd4 103. Rd7 Bb2 104. Rf7+ Ke8 105. Rf2 Bc3 106. Rf3 Ba1 107. Kf5 Bb2 108. Ke6 Kd8 109. Rf7 Ba1 110. Rd7+ Kc8 111. Kd6 Bd4 112. Kc6 Kb8 113. Rxd4 1-0


[Site "https://www.chess.com"]

[Event "Titled Tuesday Blitz October 25 Early 2022"]
[White "Pap, Gyula"]
[Black "Agasarov, Benik"]
[WhiteFideId "725323"]
[BlackFideId "13314823"]
[WhiteElo "2519"]
[BlackElo "2152"]
[Result "1-0"]
[Round "05"]
[TimeControl "180+1"]
[Date "2022.10.25"]
[WhiteClock "0:00:45"]
[BlackClock "0:01:33"]

1. g3 Nf6 2. Bg2 g6 3. d4 Bg7 4. e4 d6 5. Nc3 O-O 6. Nge2 e5 7. O-O Nbd7 8. h3 Re8 9. a4 a5 10. Kh2 exd4 11. Nxd4 Nc5 12. Re1 Bd7 13. Bf4 Nh5 14. Be3 Nf6 15. Bf4 Nh5 16. Be3 Nf6 17. f3 Nh5 18. Bf2 c6 19. Nb3 Nxb3 20. cxb3 Qe7 21. f4 Nf6 22. Qd2 Be6 23. Nd5 cxd5 24. exd5 Nxd5 25. Bxd5 Qd7 26. Bg2 Bxb3 27. Rxe8+ Rxe8 28. Qxa5 Bxb2 29. Rb1 Re2 30. Rxb2 Rxb2 31. Qa8+ Kg7 32. Bd4+ f6 33. Bxb2 d5 34. a5 Bc4 35. Qa7 Ba6 36. Qd4 Qe6 37. Qxd5 Qe2 38. Qd7+ Kh6 39. Bxf6 1-0


[Site "https://www.chess.com"]

[Event "Titled Tuesday Blitz October 25 Early 2022"]
[White "Paravyan, David"]
[Black "Indjic, Aleksandar"]
[WhiteFideId "4194985"]
[BlackFideId "911925"]
[WhiteElo "2555"]
[BlackElo "2592"]
[Result "1-0"]
[Round "05"]
[TimeControl "180+1"]
[Date "2022.10.25"]
[WhiteClock "0:00:06"]
[BlackClock "0:00:08"]

1. e4 e5 2. Nf3 Nf6 3. Nc3 Nc6 4. d4 Bb4 5. Nxe5 Bxc3+ 6. bxc3 Qe7 7. f3 Nxe5 8. dxe5 Qxe5 9. Qd4 d6 10. a4 O-O 11. Qxe5 dxe5 12. Ba3 Rd8 13. Bc4 Be6 14. Bxe6 fxe6 15. Ke2 Kf7 16. Rhd1 Rd7 17. Bc5 b6 18. Bf2 Rad8 19. Rxd7+ Nxd7 20. a5 Rc8 21. Kd3 Ke7 22. Kc4 c6 23. axb6 axb6 24. Kb4 Kd6 25. c4 Rb8 26. Be3 b5 27. c5+ Kc7 28. Bf2 Rb7 29. h4 h5 30. g4 g6 31. Bg3 Rb8 32. Ra7+ Rb7 33. Ra3 Rb8 34. gxh5 gxh5 35. f4 exf4 36. Bxf4+ e5 37. Bg5 Rb7 38. Be7 Kc8 39. Bd6 Nf6 40. Ra8+ Kd7 41. Ka5 Ke6 42. Ka6 Rd7 43. Kb6 Nxe4 44. Re8+ Kd5 45. Rxe5+ Kd4 46. Kxc6 Rh7 47. Re6 Kc4 48. Rxe4+ Kc3 49. Kxb5 Kxc2 50. c6 1-0


[Site "https://www.chess.com"]

[Event "Titled Tuesday Blitz October 25 Early 2022"]
[White "Peyrer, Konstantin"]
[Black "Deac, Bogdan-Daniel"]
[WhiteFideId "1640879"]
[BlackFideId "1226380"]
[WhiteElo "2415"]
[BlackElo "2648"]
[Result "1-0"]
[Round "05"]
[TimeControl "180+1"]
[Date "2022.10.25"]
[WhiteClock "0:00:07"]
[BlackClock "0:00:03"]

1. d4 Nf6 2. c4 e6 3. Nf3 b6 4. a3 Bb7 5. Nc3 g6 6. d5 d6 7. e4 e5 8. b4 Nbd7 9. Bd2 Bg7 10. h3 O-O 11. Bd3 c5 12. O-O Nh5 13. g3 Bc8 14. Kg2 Nhf6 15. Qe2 h6 16. Be3 Kh7 17. Qd2 Ng8 18. g4 Ne7 19. Ne2 f5 20. exf5 gxf5 21. gxf5 e4 22. Bxe4 Nf6 23. Bd3 Bxf5 24. Ng3 Bxd3 25. Qxd3+ Kh8 26. Rae1 Qd7 27. Bd2 Rae8 28. Nh4 Kg8 29. b5 Rf7 30. Re2 Nh7 31. f4 Ref8 32. Rfe1 Bf6 33. Nhf5 Nxf5 34. Nxf5 Kh8 35. Re6 Rg8+ 36. Kh2 Rff8 37. Bc3 Qf7 38. Nxh6 Qg7 39. Bxf6 Nxf6 40. Ng4 Nxg4+ 41. hxg4 Qxg4 42. Rh6+ Kg7 43. Qh7# 1-0


[Site "https://www.chess.com"]

[Event "Titled Tuesday Blitz October 25 Early 2022"]
[White "ProfessorChess101"]
[Black "Pakleza, Zbigniew"]
[BlackFideId "1119290"]
[WhiteElo "2662"]
[BlackElo "2411"]
[Result "1-0"]
[Round "05"]
[TimeControl "180+1"]
[Date "2022.10.25"]
[WhiteClock "0:00:06"]
[BlackClock "0:00:02"]

1. e4 d6 2. d4 Nf6 3. Nc3 c6 4. f4 Qb6 5. Nf3 Bg4 6. Be2 Bxf3 7. Bxf3 e5 8. Ne2 Nbd7 9. O-O Be7 10. Kh1 O-O 11. b3 Rfe8 12. Bb2 Bf8 13. dxe5 dxe5 14. f5 a5 15. Nc3 Nc5 16. Qe2 a4 17. Qe3 a3 18. Bc1 Qb4 19. Bd2 Qd4 20. Rad1 Na6 21. Bc1 Qxe3 22. Bxe3 Bc5 23. Bg5 Nb4 24. Na4 Bf8 25. c3 Nxa2 26. Ra1 Rxa4 27. bxa4 Nxc3 28. a5 Nfxe4 29. Bc1 a2 30. Bxe4 Nxe4 31. Rxa2 Ra8 32. Be3 Nc3 33. Rb2 Nb5 34. Bb6 g6 35. Re2 Bd6 36. g4 Kg7 37. Ref2 gxf5 38. Rxf5 Rf8 39. h4 h6 40. g5 hxg5 41. Rxg5+ Kh7 42. Rfg1 Kh6 43. Be3 f5 44. Rg6+ Kh7 45. Rh6# 1-0


[Site "https://www.chess.com"]

[Event "Titled Tuesday Blitz October 25 Early 2022"]
[White "Rustemov, Alexander"]
[Black "Lewtak, Damian"]
[WhiteFideId "4119002"]
[BlackFideId "1141724"]
[WhiteElo "2789"]
[BlackElo "2329"]
[Result "1-0"]
[Round "05"]
[TimeControl "180+1"]
[Date "2022.10.25"]
[WhiteClock "0:01:15"]
[BlackClock "0:01:01"]

1. d4 a5 2. e4 Ra7 3. Nc3 e6 4. f4 a4 5. a3 c6 6. Nf3 d5 7. Bd3 dxe4 8. Nxe4 Nf6 9. Qe2 Nbd7 10. Be3 Ra8 11. O-O Qc7 12. Ne5 c5 13. Ng5 cxd4 14. Nexf7 dxe3 15. Nxh8 Nc5 16. Kh1 Bd7 17. Qxe3 Bd6 18. Nhf7 h6 19. Nxd6+ Qxd6 20. Nf3 Bc6 21. Ne5 Rd8 22. Rae1 Qd4 23. Qxd4 Rxd4 24. Nxc6 bxc6 25. Bg6+ Ke7 26. f5 Rg4 27. h3 Rg5 28. b4 axb3 29. cxb3 Nfe4 30. Kh2 Ng3 31. Rf3 1-0


[Site "https://www.chess.com"]

[Event "Titled Tuesday Blitz October 25 Early 2022"]
[White "Sanal, Vahap"]
[Black "Yeremyan, Alen"]
[WhiteFideId "6300545"]
[BlackFideId "13308998"]
[WhiteElo "2574"]
[BlackElo "2159"]
[Result "1-0"]
[Round "05"]
[TimeControl "180+1"]
[Date "2022.10.25"]
[WhiteClock "0:00:05"]
[BlackClock "0:00:07"]

1. Nf3 Nf6 2. b3 g6 3. Bb2 Bg7 4. g3 O-O 5. Bg2 d5 6. O-O c5 7. e3 Nc6 8. c4 d4 9. exd4 cxd4 10. d3 e5 11. Re1 Nd7 12. Na3 Re8 13. Nb5 Nc5 14. Ba3 Bf8 15. b4 Na6 16. c5 Naxb4 17. Bxb4 Nxb4 18. Nxe5 Bxc5 19. a3 Nc6 20. Nxc6 Rxe1+ 21. Qxe1 bxc6 22. Rc1 Rb8 23. Rxc5 Rxb5 24. Rxc6 Bb7 25. Rc4 Bxg2 26. Kxg2 Qd5+ 27. Qe4 Qxe4+ 28. dxe4 Rb3 29. Ra4 d3 30. Rxa7 d2 31. Rd7 Rxa3 32. Rxd2 h5 33. Rd7 Rb3 34. h3 Ra3 35. Rc7 Rb3 36. Rc2 Ra3 37. Rb2 Rc3 38. Rb7 Ra3 39. g4 hxg4 40. hxg4 Rc3 41. f3 Ra3 42. Kg3 Ra4 43. e5 Ra3 44. Kf4 Rc3 45. Ke4 Rc1 46. Rd7 Re1+ 47. Kf4 Kg7 48. Re7 Kf8 49. Ra7 Kg7 50. Rb7 Re2 51. Rb5 Re1 52. Kg5 Rf1 53. f4 Re1 54. Rb7 Re2 55. Re7 Re1 56. Kh4 Kf8 57. Rc7 Kg7 58. Rc3 Ra1 59. Kg3 Re1 60. Kf3 Rf1+ 61. Ke4 Re1+ 62. Re3 Rg1 63. Kf3 Rf1+ 64. Kg3 Rg1+ 65. Kh4 Rh1+ 66. Kg5 Rh2 67. f5 gxf5 68. gxf5 Rg2+ 69. Kf4 Rf2+ 70. Ke4 Ra2 71. f6+ Kh6 72. Rh3+ Kg6 73. Rg3+ Kh5 74. Rg7 Ra4+ 75. Kf5 Kh6 76. Rxf7 Ra1 77. Rf8 Kh7 78. Rb8 1-0


[Site "https://www.chess.com"]

[Event "Titled Tuesday Blitz October 25 Early 2022"]
[White "Sarana, Alexey"]
[Black "Matlakov, Maxim"]
[WhiteFideId "24133795"]
[BlackFideId "4168003"]
[WhiteElo "2689"]
[BlackElo "2669"]
[Result "0-1"]
[Round "05"]
[TimeControl "180+1"]
[Date "2022.10.25"]
[WhiteClock "0:00:14"]
[BlackClock "0:01:07"]

1. c4 c5 2. Nf3 Nf6 3. Nc3 Nc6 4. d4 cxd4 5. Nxd4 e6 6. g3 Bc5 7. Nb3 Be7 8. Bg2 O-O 9. O-O b6 10. e4 Bb7 11. Qe2 d6 12. f4 a6 13. Be3 Nd7 14. Rfd1 Qc7 15. Rac1 Nc5 16. Nd2 Rac8 17. a3 Bf6 18. Nd5 exd5 19. cxd5 Nd4 20. Qf2 Qe7 21. Bxd4 Nd3 22. Rxc8 Nxf2 23. Rxf8+ Qxf8 24. Bxf2 Qc8 25. e5 Qc2 26. Ne4 Qxd1+ 0-1


[Site "https://www.chess.com"]

[Event "Titled Tuesday Blitz October 25 Early 2022"]
[White "Seliverstov, Vladimir"]
[Black "Shankland, Sam"]
[WhiteFideId "4192036"]
[BlackFideId "2004887"]
[WhiteElo "2489"]
[BlackElo "2612"]
[Result "0-1"]
[Round "05"]
[TimeControl "180+1"]
[Date "2022.10.25"]
[WhiteClock "0:02:10"]
[BlackClock "0:02:33"]

1. d4 d5 2. Bf4 c5 3. e3 Nc6 4. Nc3 cxd4 5. exd4 Bf5 6. Nf3 e6 7. Ne5 Bd6 8. g4 Bg6 9. h4 Bxe5 10. dxe5 h5 11. Bd3 Nge7 12. gxh5 Bxh5 13. Qd2 Ng6 14. Bg5 Ngxe5 15. Be2 Bxe2 16. Qxe2 Qxg5 17. hxg5 Rxh1+ 18. Kd2 Rxa1 19. f4 Nc4+ 0-1


[Site "https://www.chess.com"]

[Event "Titled Tuesday Blitz October 25 Early 2022"]
[White "Sokolovsky, Yahli"]
[Black "Firouzja, Alireza"]
[WhiteFideId "2820242"]
[BlackFideId "12573981"]
[WhiteElo "2316"]
[BlackElo "2903"]
[Result "0-1"]
[Round "05"]
[TimeControl "180+1"]
[Date "2022.10.25"]
[WhiteClock "0:00:14"]
[BlackClock "0:02:26"]

1. b3 Nf6 2. Bb2 g6 3. Nf3 Bg7 4. g3 d6 5. Bg2 e5 6. O-O O-O 7. c4 Re8 8. d3 h6 9. Qc2 a5 10. Nc3 Be6 11. a3 Na6 12. Nd2 c6 13. e3 Nh7 14. Ne2 f5 15. d4 Bf7 16. Rfe1 Nf6 17. Rad1 e4 18. Nc3 d5 19. f3 Nc7 20. f4 g5 21. Rf1 Ng4 22. Rde1 gxf4 23. Rxf4 Ne6 24. Rff1 Qg5 25. Nd1 h5 26. Qc3 h4 27. gxh4 Qxh4 28. h3 Nf6 29. Nf2 Nh5 30. Nh1 f4 31. exf4 Bxd4+ 32. Qxd4 Nxd4 33. Bxd4 Nxf4 0-1


[Site "https://www.chess.com"]

[Event "Titled Tuesday Blitz October 25 Early 2022"]
[White "Svane, Rasmus"]
[Black "Pultinevicius, Paulius"]
[WhiteFideId "4657101"]
[BlackFideId "12809390"]
[WhiteElo "2674"]
[BlackElo "2500"]
[Result "0-1"]
[Round "05"]
[TimeControl "180+1"]
[Date "2022.10.25"]
[WhiteClock "0:00:03"]
[BlackClock "0:00:07"]

1. Nf3 d5 2. g3 c6 3. Bg2 Bf5 4. c4 e6 5. Qb3 Qb6 6. O-O Nf6 7. d3 Nbd7 8. cxd5 exd5 9. Qc2 Be7 10. Nc3 O-O 11. e4 dxe4 12. dxe4 Bg4 13. Be3 Qa6 14. Nd4 Rfe8 15. h3 Bh5 16. f4 Bc5 17. Rae1 Rad8 18. e5 Bg6 19. Qf2 Bd3 20. exf6 Bxf1 21. Bxf1 Qa5 22. fxg7 Nf6 23. Nb3 Bxe3 24. Nxa5 Bxf2+ 25. Kxf2 Rd2+ 26. Re2 Rexe2+ 27. Bxe2 Rxb2 28. Nc4 Rc2 29. Nd1 Ne4+ 30. Kf3 Nd2+ 31. Nxd2 Rxd2 32. Ne3 Kxg7 33. a4 Ra2 34. Bd1 b5 35. axb5 cxb5 36. Ke4 a5 37. Nf5+ Kf8 38. Nd4 Rb2 39. Be2 b4 40. Bb5 Rg2 41. g4 Rg3 42. Nc6 b3 43. Ba4 b2 44. Bc2 Rc3 45. Bb1 Rxc6 46. Kd3 Rc1 0-1


[Site "https://www.chess.com"]

[Event "Titled Tuesday Blitz October 25 Early 2022"]
[White "Baskakov, Egor"]
[Black "Jobava, Baadur"]
[WhiteFideId "24197866"]
[BlackFideId "13601520"]
[WhiteElo "2211"]
[BlackElo "2582"]
[Result "0-1"]
[Round "06"]
[TimeControl "180+1"]
[Date "2022.10.25"]
[WhiteClock "0:02:46"]
[BlackClock "0:02:25"]

1. c4 e5 2. Nc3 d6 3. g3 f5 4. Bg2 c6 5. e3 Nf6 6. Nge2 Be6 7. d4 Bxc4 8. O-O Be7 9. Re1 O-O 10. b3 Bf7 11. Bb2 Nbd7 12. Qc2 e4 13. d5 Nxd5 14. Nxd5 Bxd5 15. Rad1 Bf6 16. Nf4 Bxb2 17. Nxd5 Be5 18. Nf4 Bxf4 19. gxf4 d5 20. f3 Nf6 21. fxe4 Nxe4 22. Re2 Qe7 23. Kh1 Rae8 24. Rg1 Rf6 25. Bf3 Rg6 26. Rxg6 hxg6 27. Rg2 Qf6 0-1


[Site "https://www.chess.com"]